 Dungeon Crawl Stone Soup version 0.29.1 (webtiles) character file.

Game seed: 11419485038842198550

25343 LustLizard the Grappler (level 12, 0/105 (123) HPs)
             Began as a Troll Fighter on Sept 14, 2022.
             Was a High Priest of Wu Jian.
             Slain by a minotaur
             ... wielding a +2 rapier of draining
              (11 damage)
             ... in a Gauntlet.
             The game lasted 00:26:27 (12311 turns).

LustLizard the Grappler (Troll Fighter)            Turns: 12311, Time: 00:26:28

HP:   0/105 (123)   AC:  7    Str: 42    XL:     12   Next: 88%
MP:   11/11         EV: 10    Int: 12    God:    Wu Jian [*****.]
Gold: 496           SH: 11    Dex: 10    Spells: 11/11 levels left

rFire   . . .      SeeInvis .     - Unarmed
rCold   . . .      Faith    +   b - +1 kite shield
rNeg    . . .      Spirit   .   A - +1 robe of Submission {Slay+4}
rPois   +          Reflect  .   E - +1 hat of Shielding {rElec rPois Will- Dex+4}
rElec   +          Harm     .   v - +0 cloak "Joxt" {rElec Will++ rCorr Dex-3}
rCorr   +          Rampage  .   (gloves unavailable)
Will    +....      NoTele   +   (boots unavailable)
Stlth   +.........              G - amulet "Xuaweefu" {Faith Str+3 Int+4}
HPRegen 1.07/turn               l - +6 ring of strength
MPRegen 0.12/turn               j - +6 ring of strength

@: mighty, heavily drained
A: large, unfitting armour, claws 3, regeneration 1, shaggy fur 1, tough skin 1
a: Renounce Religion, Wall Jump, Serpent's Lash, Heavenly Storm


You were in a Gauntlet.
You worshipped Wu Jian.
Wu Jian was extremely pleased with you.
You visited 3 branches of the dungeon, and saw 14 of its levels.
You also visited: Ossuary and Gauntlet.

You collected 616 gold pieces.
You spent 120 gold pieces at shops.

Inventory:

Hand Weapons
 H - a +9 short sword of freezing
Missiles
 e - 156 stones
 u - 41 poisoned darts (quivered)
 J - 10 boomerangs
Armour
 a - a +0 robe
 b - a +1 kite shield (worn)
 q - a +0 cloak
 v - the +0 cloak "Joxt" (worn) {rElec Will++ rCorr Dex-3}
   (You found it on level 3 of the Dungeon)

   Dex:       It affects your dexterity (-3).
   rElec:     It insulates you from electricity.
   rCorr:     It protects you from acid and corrosion.
   Will:      It greatly increases your willpower.
 A - the +1 robe of Submission (worn) {Slay+4}
   (You found it on level 4 of the Dungeon)

   Slay:      It affects your accuracy & damage with ranged weapons and melee
   (+4).
 E - the +1 hat of Shielding (worn) {rElec rPois Will- Dex+4}
   (You found it in a Gauntlet)

   Dex:       It affects your dexterity (+4).
   rElec:     It insulates you from electricity.
   rPois:     It protects you from poison.
   Will:      It decreases your willpower.
 M - +0 steam dragon scales
Jewellery
 d - a ring of wizardry
 j - a +6 ring of strength (right claw)
 l - a +6 ring of strength (left claw)
 y - a ring of protection from fire
 G - the amulet "Xuaweefu" (around neck) {Faith Str+3 Int+4}
   (You found it in a Gauntlet)

   [amulet of faith]

   It allows you to gain divine favour quickly.
   Str:       It affects your strength (+3).
   Int:       It affects your intelligence (+4).
 R - a ring of see invisible
 S - a ring of resist corrosion
Wands
 L - a wand of roots (13)
 N - a wand of charming (12)
Scrolls
 g - 2 scrolls of noise
 k - 5 scrolls of teleportation
 n - a scroll of torment
 o - 2 scrolls of fear
 p - 2 scrolls of enchant armour
 w - 3 scrolls of vulnerability
 D - 3 scrolls of fog
 F - 2 scrolls of amnesia
 K - 3 scrolls of blinking
 O - a scroll of immolation
 P - a scroll of magic mapping
Potions
 f - 4 potions of curing
 h - a potion of ambrosia
 i - 5 potions of heal wounds
 r - 2 potions of mutation
 s - a potion of cancellation
 t - 4 potions of degeneration
 x - 5 potions of flight
 z - a potion of berserk rage
 B - 6 potions of attraction
 I - 3 potions of haste
 Q - a potion of brilliance


   Skills:
 + Level 9.2 Fighting
 + Level 6.7 Dodging
 + Level 10.0 Shields
 * Level 14.7 Unarmed Combat


You had 11 spell levels left.
You didn't know any spells.
Your spell library contained the following spells:

 Spells                   Type           Power      Damage    Failure   Level
 Beastly Appendage        Tmut           0%         N/A       52%         1
 Freeze                   Ice            0%         1d3       52%         1
 Magic Dart               Conj           0%         1d3       52%         1
 Necrotise                Necr           0%         1d4       52%         1
 Summon Small Mammal      Summ           0%         N/A       52%         1
 Ensorcelled Hibernation  Hex/Ice        0%         N/A       67%         2
 Passwall                 Tmut/Erth      0%         N/A       67%         2
 Searing Ray              Conj           0%         2d4       67%         2
 Sublimation of Blood     Necr           0%         N/A       67%         2
 Call Canine Familiar     Summ           0%         N/A       88%         3
 Frozen Ramparts          Ice            0%         1d1       88%         3
 Spider Form              Tmut/Pois      0%         N/A       88%         3
 Summon Guardian Golem    Hex/Summ       0%         N/A       88%         3
 Vampiric Draining        Necr           0%         2d6       88%         3
 Anguish                  Hex/Necr       0%         N/A       99%         4
 Fulminant Prism          Conj/Hex       0%         3d6       99%         4
 Hailstorm                Conj/Ice       0%         3d3       99%         4
 Petrify                  Tmut/Erth      0%         N/A       99%         4
 Agony                    Necr           0%         N/A       100%        5
 Alistair's Intoxication  Tmut/Pois      0%         N/A       100%        5
 Irradiate                Conj/Tmut      0%         3d11      100%        5
 Summon Forest            Summ/Tloc      0%         N/A       100%        5
 Eringya's Noxious Bog    Tmut/Pois      0%         N/A       100%        6
 Summon Hydra             Summ           0%         N/A       100%        7


Dungeon Overview and Level Annotations

Branches:
Dungeon (10/15)            Temple (1/1) D:6            Lair (3/5) D:8
 Spider (0/4) Lair:3          Orc (0/2) D:10        Ossuary (visited)
Gauntlet (1/1)
  Swamp: Lair:2-3    Shoals: Lair:2-3

Altars:
Ashenzari
Cheibriados
Elyvilon
Kikubaaqudgha
Makhleb
Trog
Uskayaw
Wu Jian

Shops:
D:7 :!?

Annotations:
D:10 exclusion: ice statue Gauntlet 10 transporters


Innate Abilities, Weirdness & Mutations

You are too large for most types of armour.
You have claws for hands.
Your natural rate of healing is unusually fast.
You are covered in fur. (AC +1)
You have tough skin. (AC +1)


Message History

You start waiting.
Done waiting.
You start waiting.
Done waiting.
Okay, then.
Okay, then.
You feel very mighty all of a sudden.
You open the door.
A minotaur comes into view.
It is wielding a +2 rapier of draining and quivering silver javelins.
The minotaur bellows!
The minotaur moves out of view.
Found a phantom mirror.
Found a gate leading back out of this place.
There is an open door here.
You lunge at the minotaur, in a flurry of attacks.
You mangle the minotaur!!
The minotaur is moderately wounded.
You scratch the minotaur.
The minotaur is moderately wounded.
The minotaur hits you with a +2 rapier of draining!
You feel drained.
The minotaur gores you but does no damage.
You claw the minotaur!
The minotaur is heavily wounded.
The minotaur hits you with a +2 rapier of draining!!
You feel drained.
The minotaur gores you but does no damage.
You barely miss the minotaur.
The minotaur furiously retaliates!
The minotaur headbutts you!
The minotaur is heavily wounded.
You barely miss the minotaur.
The minotaur is heavily wounded.
The minotaur hits you with a +2 rapier of draining!!
You feel drained. You block the minotaur's attack.
You eviscerate the minotaur!!!
The minotaur is almost dead.
The minotaur hits you with a +2 rapier of draining!!
* * * LOW HITPOINT WARNING * * *
You feel drained. The minotaur gores you!
You die...

#§8≈#..#..
###***#...#..#..
#..,,*#.8.####..
#.##.##.....©#..
#.##....8.####.#
##**###.##.##...#..##.
#≈≈~#.#....##.8.#..###
#≈≈.#.#.##.##...#≈....
#≈∩.H@'.##....8.#∩....
#≈≈.#.#.##.##...#≈....
#≈≈~#.#....##.8.#..###
##**###.##.##...#..#..
#.##....8.####..
#.##.##.....©#..
#....##.8.####..
#######...#..#..
#§8§#..#..


You could see a minotaur.

Vanquished Creatures
  A boulder beetle (D:7)
  A hydra (Lair:1)
  2 two-headed ogres
  6 death yaks (D:8)
  A thrashing horror (Gauntlet)
  A deep elf pyromancer (D:7)
  An ugly thing (D:8)
  An oklob plant (Lair:2)
  3 black mambas
  7 cane toads
  7 komodo dragons
  A queen bee (Gauntlet)
  3 polar bears (Lair:3)
  A hornet (D:7)
  8 dream sheep (Lair:3)
  Sigmund (D:4)
  A shadow (D:7)
  3 yaks (D:10)
  A basilisk (Lair:1)
  A wraith (Ossuary)
  A culicivora (Lair:3)
  4 wyverns
  2 steam dragons
  2 swamp worms (Gauntlet)
  An acid dragon (D:9)
  6 water moccasins
  5 orc warriors
  A sky beast (D:6)
  4 black bears
  3 ice beasts
  4 ogres
  11 wolves
  4 centaurs
  3 phantoms
  5 kobold brigands
  3 necrophages (D:7)
  12 bullfrogs
  16 wights
  9 killer bees
  3 small abominations (Gauntlet)
  8 howler monkeys
  An electric eel (D:7)
  5 jellies
  11 orc priests
  Crazy Yiuf (D:2)
  5 hounds
  Jessica (D:2)
  5 iguanas
  Natasha (thrice) (D:2)
  13 orc wizards
  3 mummies (Ossuary)
  2 gnolls (D:7)
  4 adders
  A white imp (D:8)
  An ufetubus (D:5)
  A worm (D:5)
  3 dart slugs
  35 orcs
  5 ball pythons
  5 endoplasms
  4 giant cockroaches
  A gnoll zombie (Ossuary)
  3 hobgoblins
  3 jackals (D:2)
  25 kobolds
  3 quokkas
  5 bats
  3 frilled lizards
  19 goblins
  5 goblin zombies (Ossuary)
  A hobgoblin zombie (Ossuary)
  3 kobold zombies (Ossuary)
  3 rats
341 creatures vanquished.

Vanquished Creatures (others)
  13 fungi
  28 plants
  25 withered plants (Gauntlet)
66 creatures vanquished.

Grand Total: 407 creatures vanquished

Notes
Turn   | Place    | Note
-------+----------+-------------------------------------------
     0 | D:1      | LustLizard the Troll Fighter began the quest for the Orb.
     0 | D:1      | Reached XP level 1. HP: 22/22 MP: 0/0
   151 | D:1      | Reached XP level 2. HP: 18/29 MP: 1/1
   827 | D:2      | Reached XP level 3. HP: 36/36 MP: 2/2
   932 | D:2      | Found a runed translucent door.
   933 | D:2      | Noticed Crazy Yiuf
   965 | D:2      | Reached skill level 3 in Unarmed Combat
  1005 | D:2      | Noticed Natasha
  1014 | D:2      | Killed Natasha
  1086 | D:2      | Noticed Jessica
  1093 | D:2      | Killed Jessica
  1094 | D:2      | Reached XP level 4. HP: 41/45 MP: 3/3
  1234 | D:2      | Noticed Natasha
  1243 | D:2      | Killed Natasha
  1327 | D:2      | Killed Crazy Yiuf
  1328 | D:2      | Reached skill level 4 in Unarmed Combat
  1328 | D:2      | Reached XP level 5. HP: 4/53 MP: 4/4
  1550 | D:2      | Noticed Natasha
  1557 | D:2      | Killed Natasha
  1804 | D:3      | Identified the +0 cloak "Joxt" {rElec Will++ rCorr Dex-3}
  1873 | D:3      | Found a faded altar of an unknown god.
  1970 | D:4      | Identified the +1 robe of Submission {Slay+4}
  1992 | D:4      | Noticed an orc warrior
  2068 | D:4      | Noticed an ogre
  2251 | D:4      | Reached XP level 6. HP: 61/61 MP: 5/5
  2328 | D:4      | Killed an orc warrior
  2329 | D:4      | Reached skill level 5 in Unarmed Combat
  2374 | D:4      | Noticed Sigmund
  2386 | D:4      | Killed Sigmund
  2387 | D:4      | Reached XP level 7. HP: 65/68 MP: 6/6
  2811 | D:5      | Entered Level 5 of the Dungeon
  2819 | D:5      | Reached skill level 6 in Unarmed Combat
  2881 | D:5      | Found a sand-covered staircase.
  2898 | Ossuary  | Entered an ossuary
  2898 | Ossuary  | Noticed a wraith
  2898 | Ossuary  | Noticed a wraith
  2898 | Ossuary  | Noticed a wraith
  3104 | Ossuary  | Noticed a wraith
  3107 | Ossuary  | Killed a wraith
  3312 | D:5      | Reached skill level 5 in Shields
  3312 | D:5      | Reached XP level 8. HP: 70/79 MP: 7/7
  3338 | D:5      | Found a broken altar of Ashenzari.
  3364 | D:5      | Identified the +2 chain mail "Isin" {Regen+ Slay+5}
  3406 | D:5      | Reached skill level 7 in Unarmed Combat
  3841 | D:5      | Reached skill level 5 in Fighting
  3972 | D:6      | Reached skill level 8 in Unarmed Combat
  4102 | D:6      | Found a staircase to the Ecumenical Temple.
  4122 | Temple   | Entered the Ecumenical Temple
  4141 | Temple   | Became a worshipper of the Wu Jian Council
  4295 | D:6      | Reached XP level 9. HP: 32/87 MP: 8/8
  4737 | D:7      | Reached skill level 9 in Unarmed Combat
  4752 | D:7      | Reached * piety under Wu Jian
  4798 | D:7      | Found a snail-covered altar of Cheibriados.
  4958 | D:7      | Noticed a two-headed ogre
  4966 | D:7      | Killed a two-headed ogre
  4967 | D:7      | Reached skill level 10 in Unarmed Combat
  5093 | D:7      | Reached XP level 10. HP: 88/100 MP: 9/9
  5205 | D:7      | Found Ehateom's Magic Scroll Boutique.
  5212 | D:7      | Found Mockourylo's Distillery.
  5214 | D:7      | Found Giluagad's Book Boutique.
  5218 | D:7      | Bought a scroll of identify for 24 gold pieces
  5218 | D:7      | Bought a scroll of identify for 24 gold pieces
  5218 | D:7      | Bought 2 scrolls of identify for 48 gold pieces
  5218 | D:7      | Bought a scroll of identify for 24 gold pieces
  5319 | D:7      | Reached ** piety under Wu Jian
  5343 | D:7      | Noticed a deep elf pyromancer
  5356 | D:7      | Killed a deep elf pyromancer
  5380 | D:7      | Reached skill level 11 in Unarmed Combat
  5469 | D:7      | Noticed a boulder beetle
  5481 | D:7      | Killed a boulder beetle
  5828 | D:8      | Noticed a death yak
  5828 | D:8      | Noticed a death yak
  5828 | D:8      | Noticed a death yak
  5831 | D:8      | Found a staircase to the Lair.
  5831 | D:8      | Noticed a death yak
  5839 | D:8      | Noticed a death yak
  5842 | D:8      | Killed a death yak
  5842 | D:8      | Noticed a death yak
  6143 | D:8      | Killed a death yak
  6144 | D:8      | Reached skill level 12 in Unarmed Combat
  6144 | D:8      | Reached XP level 11. HP: 60/109 MP: 10/10
  6262 | D:8      | Killed a death yak
  6272 | D:8      | Killed a death yak
  6278 | D:8      | Killed a death yak
  6278 | D:8      | Reached *** piety under Wu Jian
  6905 | D:8      | Killed a death yak
  6975 | D:8      | Noticed a cyan ugly thing
  6983 | D:8      | Killed a cyan ugly thing
  6999 | D:8      | Identified the +1 scale mail of the Swamp {Str+3}
  7602 | D:9      | Reached skill level 5 in Dodging
  7937 | D:9      | Found a bloodstained altar of Trog.
  7999 | D:10     | Entered Level 10 of the Dungeon
  8017 | D:10     | Noticed a two-headed ogre
  8095 | D:10     | Reached **** piety under Wu Jian
  8214 | D:10     | Found a white marble altar of Elyvilon.
  8300 | D:10     | Reached skill level 13 in Unarmed Combat
  8321 | D:10     | Found an ancient bone altar of Kikubaaqudgha.
  8556 | D:10     | Killed a two-headed ogre
  8670 | D:10     | Found a staircase to the Orcish Mines.
  9083 | Lair:1   | Entered Level 1 of the Lair of Beasts
  9113 | Lair:1   | Noticed a four-headed hydra
  9121 | Lair:1   | Killed a four-headed hydra
  9404 | Lair:1   | Reached XP level 12. HP: 107/122 MP: 11/11
 10492 | Lair:2   | Reached skill level 14 in Unarmed Combat
 10493 | Lair:2   | Got Sif Muna's Lectures on Transformed Metal
 11046 | Lair:3   | Found a hole to the Spider Nest.
 11090 | Lair:3   | Noticed a six-headed hydra
 11099 | Lair:3   | HP: 4/122 [six-headed hydra (8)]
 11363 | Lair:3   | Reached skill level 10 in Shields
 11368 | Lair:3   | Found a gate leading to a gauntlet.
 11370 | Lair:3   | Noticed a five-headed hydra
 11374 | Gauntlet | Entered a Gauntlet
 11374 | Gauntlet | Found a transporter.
 11374 | Gauntlet | Found a transporter.
 11378 | Gauntlet | Found a transporter.
 11378 | Gauntlet | Found a transporter.
 11390 | Gauntlet | Found a transporter.
 11399 | Gauntlet | Found a transporter.
 11399 | Gauntlet | Found a transporter.
 11409 | Gauntlet | Found a transporter.
 11409 | Gauntlet | Found a transporter.
 11413 | Gauntlet | Found a transporter.
 11447 | Gauntlet | Found a transporter.
 11465 | Gauntlet | Found a transporter.
 11511 | Gauntlet | Found a transporter.
 11533 | Gauntlet | Found a transporter.
 11628 | Gauntlet | Found a transporter.
 11648 | Gauntlet | Found a transporter.
 11892 | Gauntlet | Identified the amulet "Xuaweefu" {Faith Str+3 Int+4}
 11953 | Gauntlet | Reached ***** piety under Wu Jian
 12015 | Gauntlet | Identified the +1 hat of Shielding {rElec rPois Will-
                  | Dex+4}
 12305 | Gauntlet | Found the +8 trishula "Condemnation" {holy, anguish, *Noise
                  | Fly rN+}
 12305 | Gauntlet | Noticed a minotaur
 12311 | Gauntlet | Slain by a minotaur

Illustrated notes

Levels and vault maps discovered:
D:1:      dpeg_arrival_simpleton_c, layout_basic
D:2:      layout_rooms, uniq_jessica, uniq_natasha, uniq_crazy_yiuf_cottage
D:3:      layout_rooms, ebering_ecumenical_altar_rust
D:4:      layout_loops_ring, uniq_sigmund
D:5:      layout_rooms, nicolae_ashenzari_panopticon,
          nicolae_ossuary_entry_ruins, minmay_ogre_servants
D:6:      layout_loops_cross, minmay_temple_entry_poolview
D:7:      nzn_winding_woodlands_medium [nzn_winding_woodlands_hourglass,
          nzn_winding_woodlands_5x15_longhouse,
          nzn_winding_woodlands_5x5_open_star, nzn_winding_woodlands_5x5_cross,
          nzn_winding_woodlands_center_pierced_h,
          nzn_winding_woodlands_5x5_perimeter,
          nzn_winding_woodlands_5x5_checkerboard,
          nzn_winding_woodlands_5x15_lazy_stream,
          nzn_winding_woodlands_5x5_three], layout_basic, kennysheep_mini_moat,
          small_statue_intersection, nicolae_wooded_promenade
D:8:      layout_basic, dpeg_lair_monsters, small_chamber_with_monster,
          kennysheep_generic_room_9
D:9:      layout_grid_maze, marbit_many_paths, serial_glass, glass_columns_a,
          glass_columns_a, columned_hall_lemuel
D:10:     minmay_separated_statues, layout_basic,
          nicolae_overflow_hidden_temple, elyvilon_altar_4, orc_0_dummy
Temple:   bh_familiar_temple
Lair:1:   layout_regular_city, minmay_holes, infiniplex_staircase_pool_2
Lair:2:   layout_concentric_octagons, minmay_lair_oklob_items
Lair:3:   layout_roguey, swamp_mist, hellmonk_spider_entry_life_and_decay,
          gauntlet_entry_generic, cheibrodos_lair_lostbears
Gauntlet: gammafunk_gauntlet_branching [gammafunk_gauntlet_arena_hedges,
          gammafunk_gauntlet_arena_arrow_garden,
          gammafunk_gauntlet_arena_split_x, gammafunk_gauntlet_arena_spirals,
          nicolae_gauntlet_arena_t_cross, nicolae_gauntlet_arena_grate_2,
          nicolae_gauntlet_arena_x, gammafunk_gauntlet_arena_open,
          gauntlet_exit_watery]

Skill      XL: |  1  2  3  4  5  6  7  8  9 10 11 12 |
---------------+-------------------------------------+-----
Shields        | 3 4 5 6 7 8 9 10 | 10.0
Unarmed Combat | 3 4 5 6 8 10 12 13 14 | 14.7
Fighting       | 3 4 5 6 7 8 9 |  9.2
Dodging        | 4 5 6 |  6.7

Action                   |  1- 3 |  4- 6 |  7- 9 | 10-12 || total
-------------------------+-------+-------+-------+-------++-------
Melee: Unarmed           |    90 |    89 |   221 |   504 ||   904
       Short sword       |       |       |       |     7 ||     7
Throw: Dart              |       |     5 |       |    15 ||    20
       Stone             |       |     2 |       |       ||     2
Invok: Lunge             |       |       |     8 |    54 ||    62
       Whirlwind         |       |       |       |    49 ||    49
  Use: Scroll            |       |     3 |    12 |    21 ||    36
       Potion            |       |       |     3 |     6 ||     9
Armor: Robe              |    32 |    25 |    46 |    85 ||   188
       Skin              |       |       |       |     8 ||     8
Dodge: Dodged            |    38 |    28 |    54 |   136 ||   256
Block: Kite shield       |    37 |    27 |    66 |   202 ||   332
